 Dungeon Crawl Stone Soup version 0.21.0 (webtiles) character file.

58 theanonym the Skirmisher (level 4, 0/36 HPs)
             Began as a Human Abyssal Knight on Jan 7, 2018.
             Was a Believer of Lugonu.
             Slain by Grinder (1 damage)
             ... while paralysed by Grinder
             ... on level 3 of the Dungeon.
             The game lasted 00:03:12 (1964 turns).

theanonym the Skirmisher (Human Abyssal Knight)     Turns: 1964, Time: 00:03:12

Health: 0/36       AC:  4    Str: 12 (13) XL:     4   Next: 20%
Magic:  5/5        EV:  2    Int: 15 (17) God:    Lugonu [**....]
Gold:   69         SH:  0    Dex: 11 (13) Spells: 3/3 levels left

rFire    + + .     SeeInvis .   a - +1 hand axe
rCold    . . .     Gourm    .   (no shield)
rNeg     . . .     Faith    .   b - +0 leather armour {4}
rPois    +         Spirit   .   h - +0 helmet
rElec    +         Reflect  .   (no cloak)
rCorr    +         Harm     .   (no gloves)
MR       .....                  (no boots)
Stlth    ++........             (no amulet)
HPRegen  0.12/turn              f - ring of fire {rF+ rC-}
MPRegen  0.09/turn              l - ring of stealth {Stlth+}

@: paralysed, brilliant, resistant
A: no striking features
a: Depart the Abyss, Bend Space, Renounce Religion


   Skills:
 + Level 3.6 Fighting
 * Level 3.6 Axes
 - Level 2.0 Armour
 - Level 1.0 Dodging
 - Level 2.0 Invocations


You had 3 spell levels left.
You didn't know any spells.

Skill      XL: |  1  2  3 |
---------------+----------+-----
Axes           | 3 |  3.6
Fighting       | |  3.6
Armour         | |  2.0
Dodging        | |  1.0
Invocations    | |  2.0

Action                   |  1- 3 |  4- 6 || total
-------------------------+-------+-------++-------
Melee: Hand axe          |    99 |     5 ||   104
Throw: Tomahawk          |       |     1 ||     1
  Use: Scroll            |     1 |       ||     1
       Potion            |       |     3 ||     3
  Eat: Chunk             |     3 |       ||     3
Armor: Leather armour    |    36 |     3 ||    39
Dodge: Dodged            |    78 |     1 ||    79

Inventory:

Hand Weapons
 a - a +1 hand axe (weapon)
Missiles
 c - 4 tomahawks of returning (quivered)
Armour
 b - a +0 leather armour (worn) {4}
 h - a +0 helmet (worn)
   (You found it on level 2 of the Dungeon)
Jewellery
 f - a ring of fire (left hand) {rF+ rC-}
   (You found it on level 1 of the Dungeon)
 l - a ring of stealth (right hand) {Stlth+}
   (You found it on level 3 of the Dungeon)
Scrolls
 i - a scroll of teleportation {unknown}
Comestibles
 e - 3 rations
 k - 2 chunks of flesh


You were on level 3 of the Dungeon.
You worshipped Lugonu.
Lugonu was pleased with you.
You were not hungry.

You visited 1 branch of the dungeon, and saw 3 of its levels.
You visited the Abyss 1 time.

You collected 69 gold pieces.

Dungeon Overview and Level Annotations

Branches:
Dungeon (3/15)

Altars:
Ashenzari

Annotations:
D:3 Grinder

#..#..#..#..##.#.#.#..#
#.###...###.##.#.#.#..#
#..#..#..#..##.#.#.#..#
##...###...###.#.#.#..#
##...#..........#<#..#
###...###...######..#
##### #.......!...#
#5#########.#
#@#########†#
#...........#
#.########### ###


You could see Grinder.

Notes
Turn   | Place    | Note
-------+----------+-------------------------------------------
     0 | Abyss:1  | theanonym the Human Abyssal Knight began the quest for the Orb.
     0 | Abyss:1  | Reached XP level 1. HP: 18/18 MP: 2/2
    10 | D:1      | Escaped the Abyss
   162 | D:1      | HP: 9/18 [jackal (1)]
   175 | D:1      | HP: 6/18 [jackal (3)]
   184 | D:1      | Reached XP level 2. HP: 9/24 MP: 3/3
   185 | D:1      | HP: 9/24 [jackal (1)]
   576 | D:1      | Reached XP level 3. HP: 25/29 MP: 4/4
   578 | D:1      | Reached skill level 3 in Axes
   692 | D:1      | Reached ** piety under Lugonu
  1801 | D:2      | Found a shattered altar of Ashenzari.
  1885 | D:3      | Reached XP level 4. HP: 29/35 MP: 5/5
  1903 | D:3      | Noticed Grinder
  1960 | D:3      | HP: 17/36 [Grinder (3)]
  1961 | D:3      | Paralysed by Grinder for 4 turns
  1962 | D:3      | HP: 4/36 [Grinder (5)]
  1963 | D:3      | HP: 1/36 [Grinder (3)]
  1964 | D:3      | Slain by Grinder

Vanquished Creatures
  An adder (D:3)
  A dart slug (D:1)
  3 leopard geckos
  4 bats
  A giant cockroach (D:2)
  7 goblins
  2 hobgoblins
  4 jackals (D:1)
  4 kobolds
  A quokka (D:2)
  A ball python (D:2)
  3 frilled lizards
  9 rats
41 creatures vanquished.

Table legend:
 A = Turns spent in this place as a percentage of turns spent in the entire game.
 B = Non-inter-level travel turns spent in this place as a percentage of non-inter-level travel turns spent in the entire game.
 C = Inter-level travel turns spent in this place as a percentage of turns spent in this place.
 D = Turns resting spent in this place as a percentage of non-inter-level travel turns spent in this place.
 E = Turns spent auto-exploring this place as a percentage of non-inter-level travel turns spent in this place.
 F = Non-inter-level travel turns spent in this place divided by the number of levels of this place that you've seen.
                   A       B       C       D       E      F
               +-------+-------+-------+-------+-------+----------------------
         Total | 100.0 | 100.0 |   2.5 |  31.9 |  52.9 | 478.8
       Dungeon |  99.5 |  99.5 |   2.5 |  32.0 |  52.9 | 635.0
         Abyss |   0.5 |   0.5 |   0.0 |   0.0 |  50.0 |  10.0
               +-------+-------+-------+-------+-------+----------------------
